 Dungeon Crawl Stone Soup version 0.17.1-1-g73c8601 (webtiles) character file.

16 Miyamura the Sneak (level 2, -2/20 HPs)
             Began as a Vampire Ice Elementalist on Dec 25, 2015.
             Slain by a worm (6 damage)
             ... on level 2 of the Dungeon.
             The game lasted 00:02:46 (406 turns).

Miyamura the Sneak (Vampire Ice Elementalist)        Turns: 406, Time: 00:02:46

Health: -2/20      AC:  2    Str:  7    XL:     2   Next: 41%
Magic:  0/4        EV: 13    Int: 17    God:
Gold:   4          SH:  0    Dex: 14    Spells: 1 memorised, 4 levels left

rFire  + . .     SeeInvis +     f - +0 dagger
rCold  + . .     Clarity  .     a - +0 robe
rNeg   . . .     SustAt   .     (no shield)
rPois  +         Gourm    .     (helmet restricted)
rElec  +         Spirit   .     (no cloak)
rCorr  +         Warding  .     (no gloves)
rMut   .         Stasis   .     (no boots)
MR     .....                    (no amulet)
Stlth  +++.......               (no ring)
                                (no ring)

@: about to teleport, resistant, regenerating quickly, not resistant to hostile
enchantments, fairly stealthy
A: fangs 3, horns 1, see invisible, low mp 1, wild magic 1, unbreathing
a: no special abilities


You were on level 2 of the Dungeon.
You were full.

You visited 1 branch of the dungeon, and saw 2 of its levels.

You collected 4 gold pieces.

Inventory:

Hand Weapons
 f - a +0 dagger (weapon)
Armour
 a - a +0 robe (worn)
Jewellery
 d - a +3 ring of slaying {unknown}
 i - an uncursed ring of fire {unknown}
Books
 b - a book of Frost

   Spells                             Type                      Level
   a - Freeze                         Ice                          1
   b - Throw Frost                    Conjuration/Ice              2
   c - Ozocubu's Armour               Charms/Ice                   3
   d - Throw Icicle                   Conjuration/Ice              4
   e - Summon Ice Beast               Ice/Summoning                4
   f - Condensation Shield            Ice                          4


   Skills:
 + Level 0.6 Fighting
 + Level 2.4 Dodging
 + Level 3.4 Stealth
 + Level 2.1 Spellcasting
   Level 0.6 Conjurations
 + Level 3.1 Ice Magic


You had 4 spell levels left.
You knew the following spells:

 Your Spells              Type           Power        Failure   Level  Hunger
a - Freeze                Ice            ###.         13%         1    #......


Dungeon Overview and Level Annotations

Branches:
Dungeon (2/15)

Altars:
Elyvilon


Innate Abilities, Weirdness & Mutations

Your natural rate of healing is unusually fast.
You have razor-sharp teeth.
You have supernaturally acute eyesight.
You can survive without breathing.
You have a pair of small horns on your head.
Your magical capacity is low (-10% MP).
Your spells are a little harder to cast, but a little more powerful.


Message History

You feel sick.
You are no longer poisoned.
Read which item? (? for menu, Esc to quit)
As you read the scroll labeled NEOMNA LIDECKU, it crumbles to dust.
You feel blessed for a moment.
It was a scroll of remove curse.
Read which item? (? for menu, Esc to quit)
As you read the scroll labeled HOSYNOSIOPU, it crumbles to dust.
You feel strangely unstable.
It was a scroll of teleportation.
Casting: Freeze
Confirm with . or Enter, or press ? or * to list all spells.
Okay, then.
Casting: Freeze
Confirm with . or Enter, or press ? or * to list all spells.
Aiming: Freeze
Press: ? - help, Shift-Dir - straight line, f - worm
Aim: a worm You freeze the worm.
The worm is moderately wounded.
The worm barely misses you. The worm bites you.
You die...

#.# #. #.# #.##.
#.# . ##... #.# ..
.... #.# .#. #..#
#.# _.. #..# #†#
.#####..########w#
...............w@#
.#####.w##########
..w.w...#
.######## .# .# .#
.# ##


You could see 2 worms.

Vanquished Creatures
  An adder (D:2)
  A hobgoblin (D:2)
  A bat (D:2)
  A giant newt (D:2)
  3 goblins
  2 kobolds
9 creatures vanquished.

Notes
Turn   | Place    | Note
--------------------------------------------------------------
     0 | D:1      | Miyamura the Vampire Ice Elementalist began the quest for the Orb.
     0 | D:1      | Reached XP level 1. HP: 13/13 MP: 3/3
   207 | D:1      | You fall through a shaft!
   356 | D:2      | Found a white marble altar of Elyvilon.
   382 | D:2      | Reached XP level 2. HP: 11/20 MP: 0/5
   398 | D:2      | Gained mutation: Your magical capacity is low (-10% MP). [potion of mutation]
   398 | D:2      | Gained mutation: You have a pair of small horns on your head. [potion of mutation]
   398 | D:2      | Gained mutation: Your spells are a little harder to cast, but a little more powerful. [potion of mutation]
   406 | D:2      | Slain by a worm

Action                   || total
-------------------------++-------
Melee: Dagger            ||     8
 Cast: Freeze            ||    14
  Use: Potion            ||     5
       Scroll            ||     3
